 Dungeon Crawl Stone Soup version 0.27.1-3-gb3d3a73c9e (webtiles) character file.

Game seed: 13811447823774311828

756 Cykl0x the Slasher (level 7, -4/61 HPs)
             Began as a Minotaur Fighter on Oct 26, 2021.
             Slain by a two-headed ogre (18 damage)
             ... on level 4 of the Dungeon.
             The game lasted 00:04:37 (2552 turns).

Cykl0x the Slasher (Minotaur Fighter)               Turns: 2552, Time: 00:04:39

Health: -4/61      AC: 13    Str: 22    XL:     7   Next: 50%
Magic:  6/6        EV:  4    Int:  5    God:
Gold:   147        SH: 10    Dex: 10    Spells: 6/6 levels left

rFire    . . .     SeeInvis .   a - +1 long sword
rCold    . . .     Faith    .   c - +0 kite shield
rNeg     + . .     Spirit   .   m - +0 plate armour
rPois    .         Reflect  .   (helmet restricted)
rElec    .         Harm     .   (no cloak)
rCorr    .         Rampage  .   f - +0 pair of gloves
Will     .....                  (no boots)
Stlth    ..........             (no amulet)
HPRegen  0.20/turn              g - +4 ring of slaying
MPRegen  0.10/turn              n - ring of positive energy

@: no status effects
A: horns 2, retaliatory headbutt
a: no special abilities


You were on level 4 of the Dungeon.
You visited 1 branch of the dungeon, and saw 4 of its levels.

You collected 147 gold pieces.

Inventory:

Hand Weapons
 a - a +1 long sword (weapon)
 j - a +0 short sword of draining
 t - a +1 dagger of electrocution
Missiles
 e - 7 poisoned darts (quivered)
 l - 65 stones
 o - 2 boomerangs
Armour
 b - a +0 scale mail
 c - a +0 kite shield (worn)
 f - a +0 pair of gloves (worn)
 m - a +0 plate armour (worn)
Jewellery
 g - a +4 ring of slaying (left hand)
 n - a ring of positive energy (right hand)
 q - a ring of fire
Scrolls
 s - a scroll of fear
Potions
 d - a potion of might
 h - 2 potions of heal wounds
 i - 2 potions of magic
 k - a potion of curing
 p - a potion of flight {unknown}
 r - 2 potions of mutation {unknown}
 u - a potion of resistance {unknown}
 v - a potion of brilliance {unknown}


   Skills:
 + Level 5.2 Fighting
 + Level 6.5 Long Blades
 + Level 3.1 Throwing
 + Level 5.1 Armour
 + Level 0.1 Dodging
 + Level 5.5 Shields


You had 6 spell levels left.
You didn't know any spells.
Your spell library contained the following spells:

 Spells                   Type           Power      Damage    Failure   Level
 Frozen Ramparts          Ice            0%         1d2       100%        3
 Ice Form                 Ice/Tmut       0%         N/A       100%        4
 Summon Ice Beast         Ice/Summ       0%         N/A       100%        4


Dungeon Overview and Level Annotations

Branches:
Dungeon (4/15)
 Temple: D:4-7

Altars:
Fedhas


Innate Abilities, Weirdness & Mutations

You have a pair of horns on your head.
You reflexively headbutt those who attack you in melee.


Message History

Throw: 13 darts (poison)
Press: ? - help, Q - select action, (/) - cycle Shift-Dir - straight line, f - two-headed ogre
Aim: a two-headed ogre, wielding a +0 dire flail and a +0 giant spiked club (77% to hit)
You throw a poisoned dart.
The poisoned dart hits the two-headed ogre.
The two-headed ogre is poisoned.
Throw: 12 darts (poison)
Press: ? - help, Q - select action, (/) - cycle Shift-Dir - straight line, f/p - two-headed ogre
Aim: a two-headed ogre, wielding a +0 dire flail and a +0 giant spiked club (poisoned, 76% to hit)
You throw a poisoned dart.
The poisoned dart barely misses the two-headed ogre.
You climb upwards.
There is a stone staircase leading down here.
HP restored.
Done exploring.
You climb downwards.
You block the two-headed ogre's attack.
The two-headed ogre hits you but does no damage.
There is a stone staircase leading up here.
You throw a poisoned dart.
The poisoned dart hits the two-headed ogre.
The two-headed ogre is poisoned.
You block the two-headed ogre's attack.
The two-headed ogre hits you with a +0 giant spiked club!!
You throw a poisoned dart.
The poisoned dart hits the two-headed ogre!
The two-headed ogre looks even sicker.
The two-headed ogre is lightly wounded.
You throw a poisoned dart.
The poisoned dart hits the two-headed ogre.
The two-headed ogre looks as sick as possible!
The two-headed ogre is lightly wounded.
The two-headed ogre hits you but does no damage.
The two-headed ogre hits you with a +0 giant spiked club!
You throw a poisoned dart.
The poisoned dart hits the two-headed ogre.
The two-headed ogre looks as sick as possible!
The two-headed ogre is lightly wounded.
The two-headed ogre hits you with a +0 dire flail!!
* * * LOW HITPOINT WARNING * * *
The two-headed ogre hits you with a +0 giant spiked club!!
You die...

#####.######...# #.
####..###>... #.#
###)#
#.##.....†)).... #.#
#[# #.....##.######.
#.# #.## #.......#
#. #.#
#..###.##...## #.
#.# ##..##.#..#....#
#. #.###
##....#.#####.<# ##
#...## #.......# ...
###..######O@#..###
. ##..#....[###...
##.#.....# ###..#
#.#.....# #.# #
#.#.....# .#
#.###.#....(# .
#...........### #
.....###.....(#...##
... ##.###......##


You could see a two-headed ogre (extremely poisoned).

Vanquished Creatures
  Pikel (D:4)
  Eustachio (D:4)
  A lemure (D:4)
  A hound (D:4)
  An iguana (D:4)
  A hound skeleton (D:4)
  3 adders
  An adder skeleton (D:4)
  3 worms
  3 dart slugs
  13 orcs
  6 ball pythons
  2 bats
  7 endoplasms
  2 giant cockroaches
  5 goblins
  2 hobgoblins (D:2)
  3 quokkas
  4 frilled lizards
  5 kobolds
  4 rats
69 creatures vanquished.

Vanquished Creatures (others)
  A kraken (D:1)
  A vine stalker (D:1)
  2 elves (D:1)
  A dwarf (D:1)
  A kobold (D:1)
  6 tentacles (D:1)
12 creatures vanquished.

Grand Total: 81 creatures vanquished

Notes
Turn   | Place    | Note
-------+----------+-------------------------------------------
     0 | D:1      | Cykl0x the Minotaur Fighter began the quest for the Orb.
     0 | D:1      | Reached XP level 1. HP: 19/19 MP: 0/0
     0 | D:1      | Noticed a ghoul
     0 | D:1      | Noticed an elf
     0 | D:1      | Noticed a troll
     0 | D:1      | Noticed an elf
     0 | D:1      | Noticed a merfolk
     0 | D:1      | Noticed a kraken
     0 | D:1      | Noticed an octopode
     0 | D:1      | Noticed a vine stalker
     0 | D:1      | Noticed a dwarf
     0 | D:1      | Noticed a palentonga
     0 | D:1      | Noticed a human
     3 | D:1      | Killed a dwarf
     4 | D:1      | Killed an elf
     5 | D:1      | Killed an elf
     6 | D:1      | Killed a vine stalker
     7 | D:1      | Killed a kraken
   269 | D:1      | Reached XP level 2. HP: 27/27 MP: 1/1
   522 | D:1      | Found a faded altar of an unknown god.
   788 | D:2      | Reached skill level 3 in Long Blades
   788 | D:2      | Reached XP level 3. HP: 33/33 MP: 2/2
  1591 | D:3      | Found a blossoming altar of Fedhas.
  1610 | D:3      | Reached XP level 4. HP: 41/41 MP: 3/3
  1918 | D:4      | Noticed a lemure
  1922 | D:4      | Noticed a lemure
  1927 | D:4      | Killed a lemure
  1929 | D:4      | Noticed Pikel
  1933 | D:4      | Noticed a lemure
  1942 | D:4      | Noticed a lemure
  1951 | D:4      | Killed Pikel
  1952 | D:4      | Reached skill level 5 in Fighting
  1952 | D:4      | Reached skill level 5 in Long Blades
  1952 | D:4      | Reached skill level 5 in Shields
  1952 | D:4      | Reached XP level 5. HP: 25/48 MP: 4/4
  1952 | D:4      | Reached XP level 6. HP: 29/56 MP: 5/5
  1952 | D:4      | Reached XP level 7. HP: 32/61 MP: 6/6
  2068 | D:4      | Reached skill level 6 in Long Blades
  2260 | D:4      | Noticed Eustachio
  2327 | D:4      | Noticed a two-headed ogre
  2340 | D:4      | Killed Eustachio
  2341 | D:4      | Reached skill level 5 in Armour
  2552 | D:4      | Slain by a two-headed ogre

Illustrated notes

Levels and vault maps discovered:
D:1:      nicolae_arrival_kraken_aquarium_a, layout_loops_corners,
          basic_ecumenical_altar
D:2:      layout_loops_cross, minmay_tetromino_i4
D:3:      layout_basic, fedhas_altar_2
D:4:      layout_rooms, uniq_eustachio, uniq_pikel, uniq_sigmund

Skill      XL: |  1  2  3  4  5  6  7 |
---------------+----------------------+-----
Fighting       | 4 5 |  5.2
Long Blades    | 3 5 6 |  6.5
Shields        | 4 5 |  5.5
Armour         | 4 5 |  5.1
Throwing       | 2 3 |  3.1
Dodging        | |  0.1

Action                   |  1- 3 |  4- 6 |  7- 9 || total
-------------------------+-------+-------+-------++-------
Melee: Long sword        |    68 |    33 |    57 ||   158
       Headbutt          |     9 |     6 |     8 ||    23
Throw: Dart              |    11 |       |     6 ||    17
       Boomerang         |    11 |    11 |     9 ||    31
  Use: Scroll            |     7 |       |     1 ||     8
Armor: Scale mail        |    14 |       |       ||    14
       Plate armour      |     8 |    14 |    69 ||    91
Dodge: Dodged            |    13 |     1 |    17 ||    31
Block: Kite shield       |    36 |    17 |    55 ||   108
       Rpst.: Long sword |     1 |       |     6 ||     7
